 Dungeon Crawl Stone Soup version 0.30-a0-964-gd452b5e7fa (webtiles) character file.

Game seed: 4448505442407346083

28 vishdafish the Conjurer (level 3, 24/24 HPs)
             Began as a Demonspawn Conjurer on Mar 30, 2023.
             Quit the game on level 2 of the Dungeon.
             The game lasted 00:01:27 (1594 turns).

vishdafish the Conjurer (Demonspawn Conjurer)       Turns: 1594, Time: 00:01:28

Health: 24/24      AC:  3    Str:  7    XL:     3   Next: 0%
Magic:  7/7        EV: 12    Int: 21    God:
Gold:   124        SH:  0    Dex: 11    Spells: 6/7 levels left

rFire   + . .      SeeInvis .    i - staff of fire
rCold   . . .      Faith    .    (no shield)
rNeg    . . .      Spirit   .    a - +0 robe
rPois   .          Reflect  .    (no helmet)
rElec   .          Rampage  .    (no cloak)
rCorr   .                        (no gloves)
Will    .....                    (no boots)
Stlth   ++                       (no amulet)
HPRegen 0.24/turn                (no ring)
MPRegen 0.10/turn                (no ring)

@: no status effects
A: rugged brown scales 1, demonic guardian 1
a: no special abilities


You were on level 2 of the Dungeon.
You visited 1 branch of the dungeon, and saw 2 of its levels.

You collected 124 gold pieces.

Inventory:

Missiles
 b - 6 curare-tipped darts
Armour
 a - a +0 robe (worn)
Magical Staves
 i - a staff of fire (weapon)
Scrolls
 c - a scroll of noise {unknown}
 e - a scroll of identify {unknown}
 j - a scroll of poison {unknown}
Potions
 d - 2 potions of curing {unknown}
 f - a potion of cancellation {unknown}
 g - a potion of mutation {unknown}
 h - a potion of flight {unknown}


   Skills:
 - Level 1.7 Dodging
 - Level 1.7 Stealth
 + Level 2.7 Spellcasting
 + Level 4.5 Conjurations


You had 6 spell levels left.
You knew the following spells:

 Your Spells              Type           Power      Damage    Failure   Level
a - Magic Dart            Conj           84%        1d7       2%          1

Your spell library contained the following spells:

 Spells                   Type           Power      Damage    Failure   Level
 Searing Ray              Conj           42%        2d6       3%          2
 Dazzling Flash           Conj/Hex       24%        N/A       16%         3
 Fulminant Prism          Conj/Hex       6%         3d7       47%         4
 Iskenderun's Mystic Bla  Conj/Tloc      12%        2d5       47%         4
 Iskenderun's Battlesphe  Conj           21%        2d7       52%         5
 Fireball                 Conj/Fire      9%         3d6       83%         5
 Conjure Ball Lightning   Conj/Air       6%         3x3d6     100%        6
 Orb of Destruction       Conj           10%        9d6       100%        7


Dungeon Overview and Level Annotations

Branches:
Dungeon (2/15)

Altars:


Innate Abilities, Weirdness & Mutations

You are partially covered in rugged brown scales. (AC +1, +3% HP)
A weak demonic guardian rushes to your aid.


Message History

You now have 124 gold pieces (gained 7).
A kobold comes into view. It is wielding a +0 short sword.
A kobold is nearby!
A kobold is nearby!
The magic dart hits the kobold.
You kill the kobold!
You can't see any susceptible monsters within range! (Use Z to cast anyway.)
You can't see any susceptible monsters within range! (Use Z to cast anyway.)
Things that are here:
a +0 short sword; a kobold corpse
Found a ring mail.
You see here a staff of fire.
i - a staff of fire
i - a staff of fire (weapon)
A rat comes into view.
A rat is nearby!
A rat is nearby!
A rat is nearby!
The magic dart hits the rat.
The rat is heavily wounded.
The magic dart hits the rat.
You kill the rat!
You can't see any susceptible monsters within range! (Use Z to cast anyway.)
Okay, then.
j - a scroll labelled VEOGRY UHIY A bat comes into view.
A bat is nearby!
A bat is nearby!
The magic dart hits the bat.
You kill the bat!
You have reached level 3!
Your experience leads to an increase in your attributes!
Increase (S)trength, (I)ntelligence, or (D)exterity?
You feel clever. x2; Your demonic ancestry asserts itself...
You feel the presence of a demonic guardian.
A rat comes into view.
Found a scroll labelled KEBIXATSEWE.
A rat is nearby!
A rat is nearby!
Are you sure you want to abandon this character and quit the game? (Confirm with "yes".)

................
#.##....###.#.#...?
#.##....## .#...###
.........# .......
...†>..#.# .....#
..###..#.# #....
.......†..
#...####..
.#######.####
#.......r. †..#
#....# #.@######.
...# #....#
#......... ...#
#.[.###.########
...# #.............
...# #.###...######
#### #.# ##### #.#
#.# #.#


You could see a rat (asleep).

Vanquished Creatures
  An adder (D:2)
  2 dart slugs
  A bat (D:2)
  2 endoplasms (D:1)
  2 hobgoblins (D:2)
  A ball python (D:1)
  A frilled lizard (D:1)
  3 kobolds
  4 rats (D:2)
17 creatures vanquished.

Notes
Turn   | Place    | Note
-------+----------+-------------------------------------------
     0 | D:1      | vishdafish the Demonspawn Conjurer began the quest for the
                  | Orb.
     0 | D:1      | Reached XP level 1. HP: 13/13 MP: 3/3
   697 | D:1      | Gained mutation: You are partially covered in rugged brown
                  | scales. (AC +1, +3% HP) [demonic ancestry]
   697 | D:1      | Reached XP level 2. HP: 10/19 MP: 1/5
  1571 | D:2      | Gained mutation: A weak demonic guardian rushes to your
                  | aid. [demonic ancestry]
  1571 | D:2      | Reached XP level 3. HP: 24/24 MP: 5/7
  1594 | D:2      | Quit the game

Illustrated notes

Levels and vault maps discovered:
D:1:      amcnicky_arrival_choice, layout_basic,
          amcnicky_mini_rare_corridor_liquid
D:2:      layout_loops_cross, basic_altar, minmay_misc_feat_more_columns,
          st_stairs_7, nrook_campfire, minmay_bisected

Action                     || total
---------------------------++-------
  Melee: Unarmed           ||    16
         Punch             ||     1
   Cast: Magic Dart        ||    50
    Use: Potion            ||     1
 Armour: Robe              ||     3
  Dodge: Dodged            ||     6

Table legend: (Time is in decaauts)
 A = Elapsed time spent in this place.
 B = Non-inter-level travel time spent in this place.
 C = Inter-level travel time spent in this place.
 D = Time resting spent in this place.
 E = Time spent auto-exploring this place.
 F = Levels seen in this place.
 G = Mean time per level.
                   A        B        C        D        E       F      G
               +--------+--------+--------+--------+--------+-----+--------+
         Total |   1596 |   1581 |     15 |      0 |   1388 |   2 |  798.0 |
       Dungeon |   1596 |   1581 |     15 |      0 |   1388 |   2 |  798.0 |
               +--------+--------+--------+--------+--------+-----+--------+

Top non-repeatable levels by time:
     D:1: 1150 daAuts
     D:2: 445 daAuts
